AoeStats
← Rey Gyuma

Coastal Forest

510309996Analyzed
2v2 RM · 1d ago on Sep 30, 2026· 85m 15s· 4 players
Game mode
Random Map
Map size
Medium (4 player)
Population
200
Speed
Normal
Resources
Standard
Victory
Conquest
Starting age
Dark Age
Ending age
Imperial Age
RankedLock teamsTeams togetherTeam positionsShared explorationLock speedFull tech treeHidden civsTurbo modeCheats
Victory
Defeat
🇹🇼 Saracens · Taiwan
960
+41
🇹🇼 Byzantines · Taiwan
915
+45
🇹🇷 Turks · Türkiye
932
-16
🇦🇷 Saxons · Argentina
892
-14
Rey Gyuma
5:44 Loom
11:15 Feudal Age
11:52 Double-Bit Axe
17:13 Horse Collar
20:35 Castle Age
20:09 Gold Mining
21:38 Medium Warships
25:44 Forging
25:49 Arson
26:55 Gold Shaft Mining
27:13 Stone Mining
27:52 Squires
30:05 Scale Mail Armor
30:40 Iron Casting
30:42 Bow Saw
32:08 Gambesons
33:38 Wheelbarrow
33:58 Chain Mail Armor
34:59 Fletching
37:44 Imperial Age
35:31 Hand Cart
35:07 Town Watch
35:51 Scale Barding Armor
35:42 Bodkin Arrow
35:53 Pikeman
37:04 Chain Barding Armor
37:37 Town Patrol
37:35 Elite Skirmisher
38:23 Thumb Ring
38:30 Elite Varangian Guard
40:27 Plate Mail Armor
39:58 Bracer
40:34 Conscription
41:11 Cranequins
41:11 Heavy Mounted Crossbowman
41:15 Light Cavalry
42:05 Bloodlines
41:20 Capped Ram
42:47 Padded Archer Armor
45:15 Siege Ram
46:33 Shield Wall
47:31 Leather Archer Armor
47:34 Halberdier
47:36 Heavy Scorpion
52:04 Ring Archer Armor
50:57 Heavy Mounted Crossbowman
51:54 Caravan
56:33 Two-Man Saw
56:08 Elite Hearth Troop
63:47 Crossbowman
65:58 Arbalester
67:29 Clerical Recruitment
68:37 Illumination
68:27 Block Printing
68:33 Sanctity
75:32 Hussar
77:52 Onager
enverlife
12:26 Feudal Age
14:04 Horse Collar
26:28 Castle Age
26:29 Double-Bit Axe
27:30 Heavy Plow
34:58 Wheelbarrow
34:09 Loom
38:06 Imperial Age
37:56 Scale Mail Armor
38:06 Forging
38:03 Scale Barding Armor
38:14 Bloodlines
38:04 Husbandry
43:52 Caravan
45:25 Cavalier
62:41 Coinage
64:46 Guilds
hunter22012003
3:05 Loom
10:47 Feudal Age
11:26 Double-Bit Axe
11:24 Horse Collar
13:35 Gold Mining
20:23 Castle Age
20:05 Stone Mining
20:36 Fletching
20:56 Forging
22:15 Bow Saw
23:01 Medium Warships
23:31 Padded Archer Armor
24:23 Bodkin Arrow
25:48 Ballistics
25:45 Town Watch
28:22 Bimaristan
31:39 Iron Casting
32:51 Gold Shaft Mining
32:44 Murder Holes
34:42 Wheelbarrow
34:33 Heavy Plow
34:49 Leather Archer Armor
35:27 Bloodlines
35:18 Husbandry
37:36 Hand Cart
38:51 Town Patrol
38:59 Scale Barding Armor
42:30 Imperial Age
41:24 Scale Mail Armor
41:44 Chain Barding Armor
45:58 Two-Man Saw
45:03 Bracer
45:38 Plate Barding Armor
45:10 Thumb Ring
45:31 Parthian Tactics
44:28 Light Cavalry
45:12 Squires
44:57 Gambesons
46:50 Chemistry
45:55 Siege Engineers
45:36 Arrowslits
45:58 Elite Mameluke
47:53 Crossbowman
47:56 Hussar
49:52 Blast Furnace
49:23 Ring Archer Armor
49:32 Counterweights
49:42 Conscription
51:54 Masonry
51:56 Fortified Wall
56:08 Onager
56:21 Arbalester
56:22 Elite Skirmisher
56:24 Heavy Camel Rider
57:55 Hoardings
58:40 Chain Mail Armor
57:48 Pikeman
57:49 Man-at-Arms
61:51 Plate Mail Armor
61:42 Fervor
62:36 Caravan
63:06 Coinage
63:38 Sanctity
84:42 Spies/Treason
柏廷大帥哥
5:10 Loom
11:41 Feudal Age
16:56 Castle Age
15:17 Double-Bit Axe
15:14 Horse Collar
16:58 Stone Mining
27:51 Murder Holes
30:59 Wheelbarrow
34:22 Scale Barding Armor
34:44 Hand Cart
35:39 Forging
36:22 Gold Mining
39:08 Imperial Age
38:02 Iron Casting
37:47 Chain Barding Armor
37:29 Fletching
37:45 Padded Archer Armor
38:19 Husbandry
39:13 Heavy Plow
40:20 Bow Saw
40:50 Gold Shaft Mining
40:51 Stone Shaft Mining
41:19 Chemistry
40:59 Bodkin Arrow
41:40 Plate Barding Armor
41:29 Conscription
42:49 Logistica
43:02 Bracer
45:30 Ballistics
44:51 Treadmill Crane
45:01 Elite Cataphract
46:44 Pikeman
47:24 Squires
47:49 Halberdier
52:06 Hoardings
51:35 Scale Mail Armor
53:05 Chain Mail Armor
54:53 Elite Skirmisher
59:31 Guilds
60:32 Plate Mail Armor
60:18 Leather Archer Armor
61:14 Light Cavalry
62:28 Arson
62:30 Gambesons
63:02 Leather Archer Armor
63:23 Caravan
69:19 Hussar
71:44 Man-at-Arms
72:59 Ring Archer Armor
75:05 Man-at-Arms
75:41 Long Swordsman
77:56 Two-Handed Swordsman
78:44 Thumb Ring
82:50 Redemption
Connection lost

Rejoining the realm…

Still unreachable

The connection could not be restored.

Session expired

The server has moved on; the page needs a fresh start.